← All builds
Suicide front / Cortex / Economy first / OBSERVED BUILD

Standard suicide front

The role's baseline bot lab opening: secure mexes, push out Thugs, Aggravators and Grunts to contest the middle and hold until T2 arrives.

#rush · 353 distinct matches · 76 players · 67% of Cortex Suicide front games · team won 51% of 366 · Recently observed

HOW TO PLAY IT

Key timing: Bot Lab by 0:34

  1. Take 3 mex, then rush a Bot Lab immediately for early army.
  2. Finish Bot Lab, start pumping Thug, Grunt and Aggravator.
  3. Push units to middle to contest and secure reclaim early.
  4. Add Advanced Metal Extractor to keep economy scaling with the fight.
  5. Hold middle with bots until T2 reinforcements arrive from Geo.

Phase by phase

TYPICAL OF ITS 353 GAMES
  1. 1
  2. 2
  3. 3
PLAY THE OPENING

Follow the example game's first 6:00 step by step: what to build now, what comes next, and where it goes. At 1× it keeps pace with your own game.

  1. 1

    Up to the Bot Lab

    Economy
    • Metal Extractor1Mex
    Order
    1. Bot LabBot Lab after 1 mexdone ~0:34, middle half 0:26–0:44

    By 0:17 in all: 1 mex

    The example game in this phase · 2 steps
    1. Mex ×3
    2. Bot LabBot Labdone 0:45 · typical 0:34
  2. 2

    Bot Lab to 5:00

    Economy
    • Metal Extractor4Mex
    • Wind Turbine3Wind
    Builders
    • Graverobber4 Graverobber
    • Construction Bot3 Con bot
    Army
    • Guard3 Guard
    • Thug14 Thug
    • Grunt3 Grunt
    • Aggravator2 Aggravator
    Other
    • Radar Tower1 Radar Tower

    By 5:00 in all: 5 mex · 3 wind

    The example game in this phase · 48 steps
    1. Wind ×2
    2. Construction BotCon bot
    3. Wind
    4. Construction BotCon bot
    5. GuardGuard
    6. Construction BotCon bot
    7. AggravatorAggravator
    8. Mex
    9. AggravatorAggravator ×4
    10. GruntGrunt
    11. AggravatorAggravator ×3
    12. GuardGuard
    13. Con turret
    14. AggravatorAggravator
    15. Mex
    16. GuardGuard
    17. Radar TowerRadar Tower
    18. AggravatorAggravator
    19. Converter
    20. Wind
    21. AggravatorAggravator
    22. Wind
    23. GuardGuard
    24. AggravatorAggravator
    25. Wind
    26. Converter
    27. GruntGrunt
    28. Wind
    29. Converter
    30. GruntGrunt
    31. Wind
    32. AggravatorAggravator
    33. Converter
    34. Wind
    35. AggravatorAggravator
    36. Converter
    37. Wind
    38. AggravatorAggravator
    39. GraverobberGraverobber
    40. Converter
    41. GraverobberGraverobber
    42. Wind ×2
    43. GraverobberGraverobber
    44. Wind ×2
    45. GraverobberGraverobber
    46. Wind ×2
    47. GraverobberGraverobber
    48. Wind ×2
  3. 3

    5:00 to 10:00

    Economy
    • Metal Extractor1Mex
    • Wind Turbine14Wind
    Builders
    • Construction Turret2 Con turret
    • Graverobber2 Graverobber
    • Construction Bot1 Con bot
    Army
    • Guard1 Guard
    • Thug6 Thug
    • Grunt3 Grunt

    Some games also: aggravator (50%) · energy storage (47%) · Radar Tower (44%) · Twin Guard (31%) · converter (30%)

    By 10:00 in all: 6 mex · 18 wind · 1 energy storage · 2 con turret

    The example game in this phase · 186 steps
    1. GruntGrunt
    2. Wind ×2
    3. GruntGrunt
    4. Wind ×2
    5. AggravatorAggravator
    6. Wind
    7. AggravatorAggravator
    8. Wind
    9. Con turret
    10. Wind
    11. AggravatorAggravator
    12. ThugThug ×2
    13. Wind ×2
    14. ThugThug
    15. Wind ×2
    16. ThugThug
    17. Con turret
    18. Wind
    19. Energy storage
    20. ThugThug
    21. Con turret
    22. ThugThug
    23. Wind
    24. Con turret
    25. ThugThug
    26. Wind ×2
    27. ThugThug
    28. Wind ×2
    29. ThugThug
    30. Wind ×2
    31. Vehicle PlantVehicle Plantdone 7:25
    32. Wind ×2
    33. Construction VehicleCon vehicle
    34. Wind ×2
    35. Construction VehicleCon vehicle
    36. Wind ×3
    37. BruteBrute
    38. Wind ×2
    39. BruteBrute
    40. Converter
    41. Con turret
    42. BruteBrute
    43. Converter
    44. BruteBrute
    45. Converter ×2
    46. Construction VehicleCon vehicle
    47. Converter
    48. Con turret
    49. Converter
    50. BruteBrute
    51. Converter ×3
    52. BruteBrute
    53. Advanced Metal ExtractorT2 mexdone 10:42 · typical 9:42
    54. Converter ×2
    55. Wind
    56. Converter ×2
    57. BruteBrute
    58. Converter
    59. Wind
    60. Converter
    61. Wind
    62. Con turret
    63. Advanced Metal ExtractorT2 mex
    64. BruteBrute
    65. Converter ×3
    66. Wind
    67. Converter
    68. Wind
    69. Converter ×2
    70. Con turret
    71. Wind
    72. Converter
    73. Fortification WallFortification Wall
    74. Advanced Metal ExtractorT2 mex
    75. Fortification WallFortification Wall
    76. Wind
    77. Fortification WallFortification Wall
    78. IncisorIncisor
    79. Fortification WallFortification Wall
    80. Converter
    81. Fortification WallFortification Wall
    82. Wind
    83. Fortification WallFortification Wall ×2
    84. Converter
    85. Fortification WallFortification Wall
    86. Wind
    87. Fortification WallFortification Wall ×2
    88. IncisorIncisor
    89. Fortification WallFortification Wall
    90. Converter
    91. Wind
    92. Fortification WallFortification Wall
    93. Wind
    94. IncisorIncisor ×2
    95. Wind ×2
    96. Advanced Metal ExtractorT2 mex
    97. Converter
    98. IncisorIncisor
    99. Wind ×3
    100. RattlesnakeRattlesnakedone 13:06
    101. Wind ×2
    102. Converter
    103. Wind
    104. IncisorIncisor
    105. Wind ×2
    106. IncisorIncisor
    107. Converter
    108. Wind ×4
    109. Converter
    110. Wind ×2
    111. IncisorIncisor
    112. Converter
    113. Wind ×2
    114. Con turret
    115. Fortification WallFortification Wall
    116. Wind
    117. Fortification WallFortification Wall
    118. Wind
    119. Bot LabBot Labdone 13:49
    120. Con turret
    121. Wind
    122. Fortification WallFortification Wall
    123. IncisorIncisor
    124. Converter
    125. Fortification WallFortification Wall
    126. Wind ×2
    127. Fortification WallFortification Wall
    128. IncisorIncisor
    129. Con turret
    130. Wind ×3
    131. Con turret
    132. Converter
    133. Wind ×2
    134. IncisorIncisor
    135. Wind
    136. Converter
    137. Wind
    138. LazarusLazarus
    139. Wind
    140. IncisorIncisor
    141. LazarusLazarus
    142. Wind
    143. IncisorIncisor
    144. Wind
    145. Advanced Metal ExtractorT2 mex
    146. Converter
    147. LazarusLazarus
    148. IncisorIncisor
    149. Wind
    150. LazarusLazarus
    151. Wind
    152. IncisorIncisor
    153. Converter
    154. LazarusLazarus
    155. IncisorIncisor
    156. Wind ×2
    157. LazarusLazarus
    158. IncisorIncisor
    159. Converter
    160. Wind
    161. LazarusLazarus
    162. Wind
    163. IncisorIncisor
    164. LazarusLazarus
    165. Wind
    166. IncisorIncisor
    167. LazarusLazarus
    168. Wind
    169. IncisorIncisor
    170. Wind
    171. LazarusLazarus
    172. IncisorIncisor
    173. Wind ×2
    174. IncisorIncisor
    175. Wind
    176. IncisorIncisor
    177. Wind ×2
    178. IncisorIncisor
    179. Wind ×2
    180. IncisorIncisor
    181. Wind
    182. IncisorIncisor
    183. Wind ×2
    184. IncisorIncisor
    185. Wind
    186. IncisorIncisor

Counts are medians over the build's games: half of them build more, half fewer. The example game is Horlof's (39 OS, 05/08/2026); pick another.

Team trades

IN AT LEAST 30% OF ITS GAMES

You hand over

Nothing regular.

You get

  • Tidal Generator4 Tidal from Pondfirst at 0:10 · in 69% of games
  • Advanced Construction Bot1 T2 con bot from Geo or Techfirst at 7:32 · in 57% of games

How it plays out

Typical game of this build, running totals by minute

Metal produced

010k20k
0:005:0010:0015:00

metal

Enemy metal destroyed

05k10k
0:005:0010:0015:00

metal

Own metal lost

05k10k15k
0:005:0010:0015:00

metal

366 games.

Show as table
ByMetal produced: This buildEnemy metal destroyed: This buildOwn metal lost: This build
1:0027300
2:0095600
3:002058191130
4:003151663628
5:00432816971420
6:00553425652380
7:00676835643465
8:00797145054456
9:00923451865453
10:001045058116293
11:001194662887124
12:001361268158150
13:001530674618924
14:001705482219879
15:0018776887210532
WHAT THE NUMBERS SAY

This is the role's baseline aggressive job, winning half its games while both dealing and taking heavy metal losses fighting at middle.

  • + Fastest Bot Lab of any role (0:34), gets units fighting almost immediately.
  • + Destroys 8805 enemy metal by 15:00 through constant middle pressure.
  • − Loses 10461 own metal by 15:00, more than it destroys.
  • − Metal production lags behind other front role at 18297 by 15:00.
THE EXAMPLE YOU ARE READING

Horlof

39.1 OS · 05/08/2026

Open source match ↗

9 received units · includes a constructor
3 metal received · 47720 energy received

Allied construction assistance is unknown. Timings are observations, not a promise of solo reproducibility.

Typical milestones

Bot Lab0:34Middle 50%: 0:26–0:44 · n=362
Advanced Metal Extractor9:42Middle 50%: 8:46–10:57 · n=238

Played most by

_X_59games of this build_Hawkey_34games of this buildGuiTou23games of this buildImmort23games of this buildViltrum22games of this build

Supporting games

Pick a game to read and play it above.

_Hawkey_25/09/2026 · 60 OS↗_Hawkey_25/09/2026 · 60 OS↗Erilium25/09/2026 · 46 OS↗Erilium25/09/2026 · 46 OS↗Kcorp25/09/2026 · 50 OS↗_Hawkey_25/09/2026 · 61 OS↗[Crd]Acquati24/09/2026 · 36 OS↗Gieds24/09/2026 · 47 OS↗Horlof05/08/2026 · 39 OS↗
32 more of 358, the most recentMischievousDragonGF24/09/2026 · 43 OS↗xabre24/09/2026 · 48 OS↗SkyFireEX23/09/2026 · 37 OS↗[Grump]Atlasfailed23/09/2026 · 36 OS↗UsurpeR23/09/2026 · 43 OS↗_X_23/09/2026 · 44 OS↗Rosie23/09/2026 · 35 OS↗I_pawngame_u23/09/2026 · 37 OS↗SauceDispenser23/09/2026 · 35 OS↗[GerBoyz]Stinkfisch23/09/2026 · 39 OS↗[Grump]Atlasfailed23/09/2026 · 36 OS↗Ariah23/09/2026 · 43 OS↗[GerBoyz]Stinkfisch22/09/2026 · 39 OS↗[GerBoyz]Stinkfisch22/09/2026 · 38 OS↗[GerBoyz]Stinkfisch22/09/2026 · 38 OS↗[GerBoyz]Stinkfisch22/09/2026 · 38 OS↗SauceDispenser22/09/2026 · 36 OS↗theBeauty21/09/2026 · 38 OS↗PlatinumBlonde21/09/2026 · 58 OS↗theBeauty21/09/2026 · 38 OS↗[Grump]Atlasfailed20/09/2026 · 36 OS↗GuiTou20/09/2026 · 36 OS↗Kcorp20/09/2026 · 51 OS↗I_pawngame_u20/09/2026 · 37 OS↗I_pawngame_u20/09/2026 · 37 OS↗Rexalidus20/09/2026 · 37 OS↗GuiTou19/09/2026 · 36 OS↗[Grump]Atlasfailed19/09/2026 · 36 OS↗derkarl19/09/2026 · 36 OS↗derkarl19/09/2026 · 36 OS↗_Hawkey_19/09/2026 · 58 OS↗[Grump]Atlasfailed18/09/2026 · 36 OS↗
Supreme Isthmus v2.1
Beyond All Reason test-30868-0097ecc
Naval balance tweaks off